Map: 아몬의 낫

Players

테라진

  • Race: Terran Terran
  • Spawn Location: 5:00

밤하늘

  • Race: Protoss Protoss
  • Spawn Location: 5:00

VOD

Have the link to the VOD?

Description

Time

  • Played on: April 10, 2019, 6:45 a.m.
  • Length: 16:57
Show
View Real Time Build Order
Export as new Build Order

테라진 Terran 

Build Orders:  

Get SALT Encoding   

  12  0:09  SCV  
Show
View Real Time Build Order
Export as new Build Order

밤하늘 Protoss 

Build Orders:  

Get SALT Encoding   

  12  0:02  Probe (Chrono Boost)  
  13  0:16  Probe (Chrono Boost)  
  14  0:30  Probe (Chrono Boost)  
  15  0:44  Probe (Chrono Boost)  
  16  0:58  Probe (Chrono Boost)  
  17  1:11  Probe (Chrono Boost)  
  17  1:14  Zoraya Legion  
  18  1:28  Xel'Naga Passageway  
  18  2:09  Ancient Nexus  
  18  2:11  Probe (Chrono Boost)  
  19  2:29  Xel'Naga Passageway  
  19  2:34  Core Forge  
  19  2:36  Probe (Chrono Boost)  
  20  2:46  Xel'Naga Passageway  
  20  2:52  Probe (Chrono Boost)  
  21  3:06  Probe (Chrono Boost)  
  22  3:20  Probe (Chrono Boost)  
  22  3:26  Constructs Facility  
  22  3:29  Xel'Naga Shieldguard  
  24  3:34  Probe (Chrono Boost)  
  25  3:48  Probe (Chrono Boost)  
  26  3:51  Xel'Naga Shieldguard  
  26  3:52  Xel'Naga Shieldguard  
  28  4:01  Probe (Chrono Boost)  
  29  4:43  Zoraya Legion  
  29  5:01  Probe x2 (Chrono Boost)  
  29  5:05  Constructs Bay  
  31  5:15  Probe x2 (Chrono Boost)  
  33  5:29  Probe x2 (Chrono Boost)  
  35  5:40  Xel'Naga Void Array x2  
  35  5:43  Probe x2 (Chrono Boost)  
  38  6:12  Xel'Naga Void Array  
  38  6:32  Xel'Naga Ambusher x2  
  38  6:33  Probe (Chrono Boost)  
  43  6:49  Xel'Naga Shieldguard x2  
  44  6:50  Probe (Chrono Boost)  
  46  7:07  Probe (Chrono Boost)  
  46  7:08  Xel'Naga Void Array  
  47  7:20  Xel'Naga Void Array x2  
  47  7:24  Probe (Chrono Boost)  
  47  7:27  Xel'Naga Ambusher x2  
  53  7:46  Xel'Naga Void Array  
  53  8:02  Zoraya Legion  
  53  8:11  Xel'Naga Void Array  
  53  8:14  Xel'Naga Ambusher x2  
  57  8:28  Xel'Naga Watcher  
  57  8:32  Xel'Naga Shieldguard x2  
  59  8:43  Xel'Naga Watcher  
  59  8:49  Xel'Naga Ambusher x2  
  63  9:08  Xel'Naga Void Array  
  63  9:40  Xel'Naga Ambusher x2  
  63  9:44  Xel'Naga Void Array  
  63  9:48  Xel'Naga Watcher  
  67  9:54  Xel'Naga Void Array  
  67  9:57  Xel'Naga Ambusher  
  67  9:58  Xel'Naga Ambusher  
  65  10:03  Xel'Naga Watcher  
  69  10:13  Zoraya Legion  
  69  10:15  Xel'Naga Ambusher  
  69  10:17  Xel'Naga Shieldguard  
  69  10:18  Xel'Naga Watcher  
  69  10:19  Xel'Naga Void Array  
  72  10:33  Xel'Naga Watcher  
  72  10:43  Xel'Naga Void Array  
  72  10:47  Xel'Naga Void Array  
  72  10:48  Xel'Naga Watcher  
  72  10:50  Xel'Naga Ambusher x2  
  74  11:09  Xel'Naga Ambusher x2  
  78  11:21  Xel'Naga Void Array  
  78  11:34  Xel'Naga Void Array  
  78  11:56  Xel'Naga Ambusher  
  78  11:57  Xel'Naga Ambusher  
  78  11:58  Xel'Naga Void Array  
  82  12:14  Xel'Naga Ambusher x2  
  86  12:33  Xel'Naga Watcher  
  85  12:48  Xel'Naga Watcher  
  85  12:52  Xel'Naga Void Array  
  85  12:54  Zoraya Legion  
  81  13:01  Xel'Naga Void Array  
  81  13:03  Xel'Naga Watcher  
  79  13:54  Xel'Naga Ambusher x2  
  79  13:56  Xel'Naga Void Array  
  83  14:11  Xel'Naga Ambusher  
  83  14:12  Xel'Naga Ambusher  
  83  14:17  Xel'Naga Void Array  
  87  14:28  Xel'Naga Ambusher  
  87  14:29  Xel'Naga Ambusher  
  91  14:45  Xel'Naga Ambusher  
  91  14:48  Xel'Naga Void Array  
  87  15:02  Zoraya Legion  
  86  15:21  Xel'Naga Ambusher x2, Xel'Naga Void Array  
  86  15:24  Xel'Naga Watcher  
  90  15:38  Xel'Naga Ambusher x2  
  94  15:55  Xel'Naga Ambusher  
  88  16:22  Xel'Naga Ambusher x2  
Tags
 
Add a new tag
Caveats
  • Supply blocks, unpowered buildings, or Contaminate may cause inaccurate times.
  • Supply counts are checked every 10 seconds.